 Dungeon Crawl Stone Soup version 0.19-a0-1834-g6b7851e (webtiles) character file.

53 KarmaPolice the Slasher (level 3, -1/28 HPs)
             Began as a Vampire Gladiator on Oct 8, 2016.
             Engulfed by a cloud of steam (8 damage)
             ... on level 2 of the Dungeon.
             The game lasted 00:03:02 (978 turns).

KarmaPolice the Slasher (Vampire Gladiator)          Turns: 978, Time: 00:03:02

Health: -1/28      AC:  0    Str: 15    XL:     3   Next: 62%
Magic:  2/3        EV: 21    Int: 10    God:
Gold:   36         SH:  0    Dex: 19    Spells: 0 memorised, 2 levels left

rFire  . . .     SeeInvis +     (weapon currently unavailable)
rCold  . . .     Gourm    .     (armour currently unavailable)
rNeg   + . .     Faith    .     (shield currently unavailable)
rPois  .         Spirit   .     (helmet currently unavailable)
rElec  .         Dismiss  .     (cloak currently unavailable)
rCorr  .         Reflect  .     (gloves currently unavailable)
MR     .....     Harm     .     (boots currently unavailable)
Stlth  ++++......               (no amulet)
                                (ring currently unavailable)
                                (ring currently unavailable)

@: bat-form, flying, very quick
A: fangs 3, see invisible, (unbreathing)
a: End Transformation


You were on level 2 of the Dungeon.
You were not thirsty.
You were in vampire-bat-form.
You visited 1 branch of the dungeon, and saw 2 of its levels.

You collected 36 gold pieces.

Inventory:

Hand Weapons
 a - a +0 long sword (melded)
Missiles
 d - 3 throwing nets (quivered)
Armour
 b - a +0 leather armour (melded)
 c - a +0 helmet (melded)
Jewellery
 j - an uncursed amulet of the gourmand {unknown}
Scrolls
 f - 2 scrolls of immolation {unknown}
 h - a scroll of identify {unknown}
 i - a scroll of recharging {unknown}
Potions
 e - 5 potions of blood
 g - a potion of might {unknown}


   Skills:
 + Level 2.7 Fighting
 + Level 3.4 Long Blades
 - Level 1.5 Throwing
 + Level 1.4 Armour
 - Level 3.2 Dodging


You had 2 spell levels left.
You didn't know any spells.

Dungeon Overview and Level Annotations

Branches:
Dungeon (2/15)

Altars:


Innate Abilities, Weirdness & Mutations

You have razor-sharp teeth.
You have supernaturally acute eyesight. (SInv)
((You can survive without breathing.))


Message History

You kill the adder!
You barely miss the bat.
You feel sick. The bat closely misses you.
You riposte.
You hit the bat.
You kill the bat!
You hit the hobgoblin but do no damage. The hobgoblin barely misses you.
You feel sick.
You turn into a vampire bat.
Your +0 long sword melds into your body.
Your +0 helmet melds into your body.
Your +0 leather armour melds into your body.
The hobgoblin completely misses you.
You see here a bat corpse.
You feel sick.
You see here a leopard gecko corpse.
You feel sick.
You feel sick.
You are no longer poisoned.
There are monsters nearby!
You are engulfed in a cloud of scalding steam.
You die...

...........##.#.........(..#
.......##..##.####...####..###
..####.##..##.....g..........#
. #.##..##.......≈........#
#.##..##..r.............#
...........≈≈≈≈.........#
.........≈g≈≈§§§≈≈§.....#
..$..≈≈§§§§§≈≈≈≈≈≈≈.#
......≈b≈§≈§§§§≈≈≈≈≈#
..###..§≈§§§§≈≈≈≈≈≈≈#
.......§§§§§§≈≈≈≈≈≈.#
..........#....§§§§≈≈≈≈...#
.............≈≈§§§≈≈......#
.............≈§§§§≈.......#
..........#.≈≈§§≈≈....)≈..#
.........#..§§≈≈.....≈≈≈.#
............≈≈.......≈≈.#


You could see 2 hobgoblins and a rat.

Vanquished Creatures
  2 adders (D:2)
  2 leopard geckos
  A ball python (D:1)
  A giant cockroach (D:2)
  6 hobgoblins
  A quokka (D:2)
  11 bats
  3 frilled lizards
  5 kobolds (D:1)
  2 rats (D:2)
34 creatures vanquished.

Notes
Turn   | Place    | Note
-------+----------+-------------------------------------------
     0 | D:1      | KarmaPolice the Vampire Gladiator began the quest for the Orb.
     0 | D:1      | Reached XP level 1. HP: 16/16 MP: 1/1
   153 | D:1      | Reached XP level 2. HP: 22/22 MP: 2/2
   310 | D:1      | Reached skill level 1 in Armour
   775 | D:2      | Reached XP level 3. HP: 23/28 MP: 3/3
   978 | D:2      | Engulfed by a cloud of steam

Vault maps used:
D:1:      dpeg_arrival_line_fractal, hex_large, minmay_misc_feat_room
D:2:      lemuel_old_faithful

Skill      XL: |  1  2 |
---------------+-------+-----
Fighting       | 2 |  2.7
Armour         | 1 |  1.4
Long Blades    | |  3.4
Throwing       | |  1.5
Dodging        | |  3.2

Action                   || total
-------------------------++-------
Melee: Long sword        ||    79
       Bite              ||    10
 Abil: Bat Form          ||     1
 Stab: Sleeping          ||     1
Armor: Leather armour    ||    26
Dodge: Dodged            ||    83
       Rpst.: Long sword ||    29
